 Dungeon Crawl Stone Soup version 0.24.1-4-ge52af88ad5 (webtiles) character file.

Game seed: 9228588682907798650, levelgen mode: deterministic

128 Gabide the Skirmisher (level 5, -8/42 HPs)
             Began as a Human Fighter on Apr 13, 2020.
             Was a Plaything of Xom.
             Mangled by an iron imp (9 damage)
             ... summoned by Natasha
             ... on level 2 of the Dungeon.
             The game lasted 00:06:11 (1683 turns).

Gabide the Skirmisher (Human Fighter)               Turns: 1683, Time: 00:06:12

Health: -8/42      AC:  8    Str: 16 (17) XL:     5   Next: 34%
Magic:  5/5        EV:  5    Int:  8 (9)  God:    Xom [..*...]
Gold:   118        SH: 14    Dex: 10 (12) Spells: 4/4 levels left

rFire    . . .     SeeInvis +   a - +0 flail
rCold    . . .     Gourm    .   l - +1 large shield
rNeg     . . .     Faith    .   b - +0 scale mail
rPois    .         Spirit   .   i - +0 helmet
rElec    .         Reflect  .   (no cloak)
rCorr    .         Harm     .   (no gloves)
MR       .....                  (no boots)
Stlth    ..........             (no amulet)
HPRegen  0.14/turn              h - ring of see invisible
MPRegen  0.09/turn              (no ring)

@: hasted, very quick
A: no striking features
a: Renounce Religion


You were on level 2 of the Dungeon.
You worshipped Xom.
You were a toy of Xom.
You were not hungry.

You visited 1 branch of the dungeon, and saw 2 of its levels.

You collected 118 gold pieces.

Inventory:

Hand Weapons
 a - a +0 flail (weapon)
Missiles
 e - 100 stones (quivered)
Armour
 b - a +0 scale mail (worn)
 c - a +0 shield
 i - a +0 helmet (worn)
 l - a +1 large shield (worn)
Jewellery
 h - a ring of see invisible (left hand)
Scrolls
 m - a scroll of teleportation
Potions
 d - a potion of might
Comestibles
 f - 10 rations
 k - 5 chunks of flesh


   Skills:
 + Level 3.9 Fighting
 + Level 3.1 Maces & Flails
 - Level 0.1 Throwing
 + Level 3.6 Armour
 * Level 3.7 Shields


You had 4 spell levels left.
You didn't know any spells.
Your spell library was empty.

Dungeon Overview and Level Annotations

Branches:
Dungeon (2/15)

Altars:
Ru
Xom

Annotations:
D:2 Natasha


Message History

There was something very wrong with that liquid.
You feel weakened.
You feel dopey.
You feel clumsy.
Xom is mildly amused.
You block the iron imp's attack.
Your shield and scale mail prevent you from hitting Natasha.
Natasha is moderately wounded.
Natasha casts a spell.
You hit Natasha.
Natasha is severely wounded.
The iron imp hits you.
* * * LOW HITPOINT WARNING * * *
Natasha stares at you and mumbles some strange words.
The magic dart hits you.
* * * LOW HITPOINT WARNING * * *
The crimson imp hits you but does no damage.
You closely miss Natasha.
Natasha is severely wounded.
The iron imp hits you!
You die...
Xom is highly amused!

#.#.........................#....
...#........#..............>+....
....#.#..............%......#....
≈≈≈.#.##..............#+###.†....
...≈#.##..............#,*##.#....
._.≈#.................#,....#....
...≈#.....)...........#(....##...
≈≈≈.#...........5................
....#...........@h...(.(.........
...#............#5...............
#.#..............................
.#...............................
....######.######...........#####
....##.>...<)...............*
....######.#####.......###***
##.........# **#.......#
#.####.#### *,...#....#


You could see an iron imp, Natasha and a crimson imp.

Vanquished Creatures
  Natasha (D:2)
  A worker ant (D:2)
  2 adders (D:2)
  An ooze (D:2)
  2 worms (D:2)
  2 dart slugs
  2 leopard geckos
  A ball python (D:1)
  3 giant cockroaches (D:1)
  3 goblins
  12 hobgoblins
  7 kobolds
  3 bats
  2 frilled lizards
  2 rats
44 creatures vanquished.

Notes
Turn   | Place    | Note
-------+----------+-------------------------------------------
     0 | D:1      | Gabide the Human Fighter began the quest for the Orb.
     0 | D:1      | Reached XP level 1. HP: 18/18 MP: 1/1
    85 | D:1      | Reached XP level 2. HP: 20/24 MP: 2/2
   529 | D:1      | Reached XP level 3. HP: 29/29 MP: 3/3
  1127 | D:2      | Reached XP level 4. HP: 36/36 MP: 4/4
  1130 | D:2      | Found a shimmering altar of Xom.
  1209 | D:2      | Became a worshipper of Xom the Capricious
  1289 | D:2      | Found a sacrificial altar of Ru.
  1513 | D:2      | Noticed Natasha
  1522 | D:2      | Killed Natasha
  1522 | D:2      | Reached XP level 5. HP: 38/42 MP: 5/5
  1665 | D:2      | XOM: divination: detect items
  1668 | D:2      | Noticed Natasha
  1682 | D:2      | HP: 1/42 [Natasha/magic dart (5)]
  1683 | D:2      | Mangled by an iron imp

Levels and vault maps discovered:
D:1:      wander_arrival_chamber, layout_loops_corners, dk_noncrumbling_3,
          minmay_misc_feat_nine_boxes, kennysheep_pointless_box
D:2:      layout_basic, xom_teletrap_fun, nicolae_ru_awakened_eye, uniq_natasha

Skill      XL: |  1  2  3  4  5 |
---------------+----------------+-----
Maces & Flails | 3 |  3.1
Fighting       | |  3.9
Throwing       | |  0.1
Armour         | |  3.6
Shields        | |  3.7

Action                   |  1- 3 |  4- 6 || total
-------------------------+-------+-------++-------
Melee: Flail             |    88 |    49 ||   137
Throw: Stone             |    50 |    49 ||    99
  Use: Scroll            |     6 |     2 ||     8
       Potion            |       |     4 ||     4
  Eat: Chunk             |     1 |     2 ||     3
Armor: Scale mail        |    42 |    12 ||    54
Dodge: Dodged            |    23 |     7 ||    30
Block: Shield            |    37 |       ||    37
       Large shield      |       |    34 ||    34
